AoeStats
← kingadelbern

Enclosed

505690022Analyzed
1v1 RM · 21d ago on Sep 10, 2026· 79m 23s· 2 players
Game mode
Random Map
Map size
Tiny (2 player)
Population
200
Speed
Normal
Resources
Standard
Victory
Conquest
Starting age
Dark Age
Ending age
Imperial Age
RankedLock teamsTeams togetherTeam positionsShared explorationLock speedFull tech treeHidden civsTurbo modeCheats
Victory
Defeat
🇺🇸 Teutons · United States
630
+16
🇦🇷 Maya · Argentina
639
-16
kingadelbern
12:23 Feudal Age
14:47 Loom
16:27 Double-Bit Axe
19:54 Castle Age
20:04 Castle Age
20:54 Scale Barding Armor
22:46 Gold Mining
23:10 Fletching
25:08 Stone Mining
26:34 Stone Shaft Mining
29:33 Bodkin Arrow
29:51 Forging
31:53 Iron Casting
31:39 Chain Barding Armor
33:42 Padded Archer Armor
35:20 Bow Saw
36:00 Wheelbarrow
35:11 Town Watch
39:44 Elite Skirmisher
43:33 Imperial Age
42:55 Bloodlines
44:10 Leather Archer Armor
43:57 Scale Mail Armor
44:16 Hand Cart
44:03 Town Patrol
45:31 Chemistry
44:44 Masonry
44:56 Ballistics
45:48 Blast Furnace
45:01 Cavalier
48:18 Guard Tower
48:50 Bombard Tower
48:42 Fortified Wall
51:30 Paladin
DovArg
10:46 Feudal Age
9:02 Loom
15:43 Fletching
15:55 Padded Archer Armor
22:57 Castle Age
23:57 Wheelbarrow
23:34 Scale Mail Armor
24:05 Thumb Ring
27:01 Gold Mining
27:02 Stone Mining
29:53 Crossbowman
30:34 Squires
29:55 Pikeman
34:49 Hand Cart
37:53 Imperial Age
35:10 Town Watch
35:23 Bodkin Arrow
35:44 Leather Archer Armor
38:41 Bracer
39:12 Ring Archer Armor
38:58 Chain Mail Armor
38:05 Arbalester
40:32 Town Patrol
40:07 Halberdier
43:33 Double-Bit Axe
44:29 Eagle Warrior
46:15 Ballistics
46:56 Chemistry
60:51 Plate Mail Armor
77:46 Guilds
76:57 Onager
Connection lost

Rejoining the realm…

Still unreachable

The connection could not be restored.

Session expired

The server has moved on; the page needs a fresh start.